AoeStats
← chelbird

Black Forest

505740304Analyzed
3v3 RM · 22d ago on Sep 10, 2026· 41m 12s· 6 players
Game mode
Random Map
Map size
Normal (6 player)
Population
200
Speed
Normal
Resources
Standard
Victory
Conquest
Starting age
Dark Age
Ending age
Imperial Age
RankedLock teamsTeams togetherTeam positionsShared explorationLock speedFull tech treeHidden civsTurbo modeCheats
Victory
Defeat
🇲🇦 Bohemians · Morocco
1423
+15
🇲🇦 Persians · Morocco
1392
+16
🇲🇦 Berbers · Morocco
1300
+20
🇦🇹 Britons · Austria
1406
-18
🇨🇿 Koreans · Czechia
1389
-17
🇧🇷 Britons · Brazil
1369
-16
chelbird
0:39 Loom
11:49 Feudal Age
15:48 Castle Age
14:38 Double-Bit Axe
17:01 Bow Saw
17:33 Town Watch
18:14 Horse Collar
26:30 Fletching
31:01 Imperial Age
28:55 Bodkin Arrow
29:09 Stone Mining
29:15 Fishing Lines
31:50 Bracer
33:12 Scale Mail Armor
33:22 Forging
33:12 Pikeman
33:52 Squires
34:09 Chain Mail Armor
33:48 Halberdier
35:31 Illumination
tchesgos
0:52 Loom
10:45 Feudal Age
19:42 Double-Bit Axe
20:10 Forging
19:53 Fletching
23:27 Horse Collar
24:53 Wheelbarrow
28:01 Castle Age
26:06 Gold Mining
29:19 Bodkin Arrow
30:41 Bow Saw
30:38 Heavy Plow
32:40 Town Watch
39:11 Imperial Age
37:25 Stone Mining
38:00 Masonry
38:34 Ballistics
38:59 Fortified Wall
39:02 Padded Archer Armor
39:58 Bracer
40:20 Yeomen
40:21 Conscription
39:56 Guard Tower
Joseph90
7:02 Loom
12:53 Feudal Age
13:57 Double-Bit Axe
17:37 Castle Age
17:24 Horse Collar
18:34 Bow Saw
20:07 Wheelbarrow
19:56 Heavy Plow
22:48 Town Watch
24:20 Fletching
28:47 Hand Cart
30:16 Bodkin Arrow
33:31 Imperial Age
32:21 Ballistics
32:05 Scale Mail Armor
32:15 Forging
31:46 Man-at-Arms
32:11 Gambesons
32:27 Squires
32:12 Arson
31:58 Pikeman
32:43 Long Swordsman
34:35 Halberdier
34:37 Two-Handed Swordsman
36:18 Chain Mail Armor
36:38 Iron Casting
36:04 Bracer
37:04 Conscription
36:45 Eupseong
38:27 Plate Mail Armor
39:03 Chemistry
37:41 Capped Ram
38:30 Elite War Wagon
39:02 Champion
41:36 Coinage
ChO@s
3:18 Loom
13:49 Feudal Age
14:21 Double-Bit Axe
15:39 Fishing Lines
19:16 Castle Age
19:51 Fletching
20:21 Bow Saw
20:31 Town Watch
21:25 Fervor
29:55 Imperial Age
28:21 Padded Archer Armor
30:17 Wheelbarrow
30:51 Horse Collar
35:22 Bodkin Arrow
36:13 Wheelbarrow
37:26 Chemistry
36:33 Caravan
37:42 Leather Archer Armor
41:11 Ring Archer Armor
SUDOX
11:21 Feudal Age
12:29 Double-Bit Axe
13:12 Loom
15:37 Castle Age
14:30 Horse Collar
22:25 Wheelbarrow
22:19 Fishing Lines
23:04 Gold Mining
23:42 Stone Mining
24:47 Hand Cart
28:49 Imperial Age
27:46 Gold Shaft Mining
28:34 Scale Barding Armor
28:25 Capped Ram
28:30 Cavalier
29:21 Bloodlines
29:36 Loom
30:39 Chain Barding Armor
29:59 Savar
30:31 Siege Ram
33:31 Plate Barding Armor
34:04 Bow Saw
33:55 Heavy Plow
33:45 Town Watch
35:12 Husbandry
36:00 Heavy Scorpion
37:20 Conscription
37:40 Ballistics
37:55 Forging
40:52 Chemistry
Rock_Bottom
7:11 Loom
9:39 Feudal Age
10:05 Double-Bit Axe
15:39 Man-at-Arms
19:16 Fletching
22:24 Horse Collar
25:45 Wheelbarrow
30:36 Castle Age
30:18 Gold Mining
30:19 Stone Mining
34:56 Imperial Age
34:09 Bodkin Arrow
38:32 Conscription
38:53 Hand Cart
39:11 Padded Archer Armor
39:57 Kasbah
40:45 Thumb Ring
40:46 Bracer
Connection lost

Rejoining the realm…

Still unreachable

The connection could not be restored.

Session expired

The server has moved on; the page needs a fresh start.